 Dungeon Crawl Stone Soup version 0.29-a0-359-g541a27f54d (webtiles) character file.

Game seed: 11109592374082892160

8 BlueGoblin the Insei (level 2, 0/22 HPs)
             Began as a Vampire Gladiator on Apr 28, 2022.
             Slain by a goblin
             ... wielding a +0 club
              (1 damage)
             ... on level 1 of the Dungeon.
             The game lasted 00:01:41 (70 turns).

BlueGoblin the Insei (Vampire Gladiator)              Turns: 70, Time: 00:01:41

Health: 0/22       AC:  4    Str: 13    XL:     2   Next: 0%
Magic:  2/2        EV: 13    Int: 10    God:
Gold:   10         SH:  0    Dex: 15    Spells: 1/1 levels left

rFire   . . .      SeeInvis +     - Unarmed
rCold   . . .      Faith    .   (no shield)
rNeg    . . .      Spirit   .   a - +0 leather armour
rPois   .          Reflect  .   b - +0 helmet
rElec   .          Harm     .   (no cloak)
rCorr   .          Rampage  .   (no gloves)
Will    .....                   (no boots)
Stlth   +.........              (no amulet)
HPRegen 0.27/turn               (no ring)
MPRegen 0.08/turn               (no ring)

@: healing quickly
A: alive, fangs 3, see invisible, vampiric 1
a: Exsanguinate


You were on level 1 of the Dungeon.
You visited 1 branch of the dungeon, and saw 1 of its levels.

You collected 10 gold pieces.

Inventory:

Missiles
 c - 3 throwing nets (quivered)
 d - a javelin
Armour
 a - a +0 leather armour (worn)
 b - a +0 helmet (worn)


   Skills:
 + Level 1.8 Fighting
 - Level 1.5 Throwing
 + Level 0.1 Armour
 + Level 3.5 Dodging
 + Level 3.6 Unarmed Combat


You had one spell level left.
You didn't know any spells.
Your spell library was empty.

Dungeon Overview and Level Annotations

Branches:
Dungeon (1/15)

Altars:


Innate Abilities, Weirdness & Mutations

Your natural rate of healing is accelerated.
You have razor-sharp teeth.
You have supernaturally acute eyesight. (SInv)
You are afflicted with vampirism.


Message History

The jackal barely misses you.
You hit the jackal.
You kill the jackal!
The ball python bites you but does no damage.
The ball python constricts you.
The jackal splashes around in the water.
You escape the ball python's grasp.
You enter the shallow water.
Moving in this stuff is going to be slow.
The ball python misses you. The ball python closely misses you.
The jackal bites you but does no damage.
The ball python closely misses you. x2
The jackal attacks as you move away! The jackal closely misses you.
The frilled lizard unfolds its giant frill.
You hit the frilled lizard.
You kill the frilled lizard!
The jackal bites you.
* * * LOW HITPOINT WARNING * * *
The ball python bites you but does no damage.
The ball python grabs you. The ball python constricts you.
The jackal splashes around in the water.
You aren't carrying any potions.
Okay, then.
You hit the ball python.
You kill the ball python!
The jackal splashes around in the water.
You have reached level 2!
You hit the jackal.
The jackal is heavily wounded.
The jackal barely misses you.
You barely miss the jackal.
The jackal is heavily wounded.
The jackal barely misses you. The jackal completely misses you.
The goblin hits you with a +0 club.
* * * LOW HITPOINT WARNING * * *
You hit the jackal but do no damage. You bite the jackal.
The jackal is severely wounded.
The jackal splashes around in the water.
The goblin hits you with a +0 club.
You die...

#################....
#≈≈≈≈≈≈≈≈.≈......... .r.
#≈≈≈≈≈≈.......≈....#....
#≈≈≈.≈.....≈≈≈≈≈...#......
#≈≈≈.....≈≈≈≈..≈≈.....#.r.
#≈.....≈≈@g≈≈≈..≈.....#...
#≈..<..≈≈≈h≈≈≈≈≈..........
#≈......≈≈B≈≈≈..≈.≈.......
#≈≈≈≈...≈≈≈.≈.≈≈.≈..##....
#≈≈≈......≈.≈≈≈......#....
#≈≈≈≈≈≈.....≈≈≈...........
#≈≈≈≈≈≈≈≈≈≈...............
##########################
#..


You could see a jackal, a giant cockroach and a goblin.

Vanquished Creatures
  2 ball pythons (D:1)
  An endoplasm (D:1)
  3 jackals (D:1)
  A frilled lizard (D:1)
7 creatures vanquished.

Notes
Turn   | Place    | Note
-------+----------+-------------------------------------------
     0 | D:1      | BlueGoblin the Vampire Gladiator began the quest for the
                  | Orb.
     0 | D:1      | Reached XP level 1. HP: 16/16 MP: 1/1
    68 | D:1      | Reached XP level 2. HP: 2/22 MP: 2/2
    69 | D:1      | HP: 1/22 [goblin/+0 club (2)]
    70 | D:1      | Slain by a goblin

Illustrated notes

Levels and vault maps discovered:
D:1:      dpeg_arrival_more_subterranean_lakeside_camping, layout_rooms,
          serial_shops, shop, nicolae_shop_hallway_stairs,
          ebering_ecumenical_altar_mist, minmay_pentomino_u4

Action                   || total
-------------------------++-------
Melee: Unarmed           ||    26
       Bite              ||     2
       Punch             ||     1
Armor: Leather armour    ||    20
Dodge: Dodged            ||    58

Table legend: (Time is in decaauts)
 A = Elapsed time spent in this place.
 B = Non-inter-level travel time spent in this place.
 C = Inter-level travel time spent in this place.
 D = Time resting spent in this place.
 E = Time spent auto-exploring this place.
 F = Levels seen in this place.
 G = Mean time per level.
                   A        B        C        D        E       F      G
               +--------+--------+--------+--------+--------+-----+--------+
         Total |     69 |     69 |      0 |      0 |     21 |   1 |   69.0 |
       Dungeon |     69 |     69 |      0 |      0 |     21 |   1 |   69.0 |
               +--------+--------+--------+--------+--------+-----+--------+

Top non-repeatable levels by time:
     D:1: 69 daAuts
